 Dungeon Crawl Stone Soup version 0.31.0-9-g3a7656b989 (webtiles) character file.

Game seed: 2722742710469918181

42 CaptainMV the Shooter (level 3, -1/25 HPs)
             Began as a Demonspawn Wanderer on Feb 2, 2024.
             Slain by a gnoll
             ... wielding a +0 spear
              (3 damage)
             ... on level 2 of the Dungeon.
             The game lasted 00:09:05 (555 turns).

CaptainMV the Shooter (Demonspawn Wanderer)          Turns: 555, Time: 00:09:06

Health: -1/25      AC:  2    Str:  8    XL:     3   Next: 33%
Magic:  3/4        EV: 12    Int: 14    God:
Gold:   41         SH:  0    Dex: 16    Spells: 0/4 levels left

rFire   . . .        a - +0 shortbow
rCold   . . .        (shield currently unavailable)
rNeg    . . .        e - +0 robe
rPois   .            (no helmet)
rElec   .            (no cloak)
rCorr   .            (no gloves)
SInv    .            (no boots)
Will    .....        (no amulet)
Stlth   +            (no ring)
HPRegen 0.24/turn    (no ring)
MPRegen 0.09/turn

%: no passive effects
@: no status effects
A: claws 1, powered by pain 1
a: no special abilities


You were on level 2 of the Dungeon.
You visited 1 branch of the dungeon, and saw 2 of its levels.

You collected 41 gold pieces.

Inventory:

Hand Weapons
 a - a +0 shortbow (weapon)
 c - a +0 dagger
Missiles
 b - 10 poisoned darts
 f - 4 javelins
Armour
 e - a +0 robe (worn)
Scrolls
 h - a scroll of enchant armour


   Skills:
 + Level 0.4 Fighting
 + Level 4.3 Ranged Weapons
 + Level 1.4 Throwing
 + Level 1.0 Armour
 + Level 1.3 Dodging
 + Level 0.1 Unarmed Combat
 + Level 1.0 Spellcasting
 + Level 1.0 Translocations
 + Level 1.0 Evocations


You couldn't memorise any spells.
You knew the following spells:

 Your Spells              Type           Power      Damage    Failure   Level
a - Apportation           Tloc           6%         N/A       17%         1
b - Teleport Other        Tloc           3%         N/A       45%         3

Your spell library contained the following spells:

 Spells                   Type           Power      Damage    Failure   Level


Dungeon Overview and Level Annotations

Branches:
Dungeon (2/15)

Altars:


Innate Abilities, Weirdness & Mutations

You have sharp fingernails.
You sometimes gain a little power by taking damage.


Message History

Aim: a ball python (58% to hit)
You shoot an arrow.
The arrow barely misses the ball python.
The arrow hits the gnoll.
The gnoll is moderately wounded.
A gnoll comes into view. It is wielding a +0 spear.
Casting: Teleport Other (extremely dangerous; 45% risk of failure)
Confirm with . or Enter, or press ? or * to list all spells.
Aiming: Teleport Other (extremely dangerous; 45% risk of failure)
Press: ? - help, Shift-Dir - straight line, p - ball python
Okay, then.
Fire: a) +0 shortbow
Press: ? - help, Q - select action, (/) - cycle Shift-Dir - straight line, f/p - ball python
Aim: a ball python (58% to hit)
You shoot an arrow.
The arrow barely misses the ball python.
The gnoll shouts!
Casting: Teleport Other (extremely dangerous; 45% risk of failure)
Confirm with . or Enter, or press ? or * to list all spells.
Aiming: Teleport Other (extremely dangerous; 45% risk of failure)
Press: ? - help, Shift-Dir - straight line, f - gnoll, p - ball python
Aim: a gnoll, wielding a +0 spear (chance to affect: 46%)
Okay, then.
You shoot an arrow.
The arrow barely misses the ball python.
The ball python barely misses you. The ball python grabs you.
The ball python constricts you.
You shoot an arrow. The arrow hits the ball python!
You kill the ball python!
You shoot an arrow. The arrow closely misses the gnoll.
The arrow hits the gnoll but does no damage.
The gnoll hits you with a +0 whip.
The gnoll hits you from afar with a +0 spear.
You shoot an arrow. The arrow hits the gnoll.
The gnoll is severely wounded.
The gnoll hits you with a +0 whip!
The gnoll hits you from afar with a +0 spear.
* * * LOW HITPOINT WARNING * * *
The gnoll hits you from afar with a +0 spear.
You die...

#. #...... ## #.#
####'## . ##.##
#.##... #. ...#
#..†.## .. #. #>.#
#.#### ...#..#..# #.#
..<...#..###### #.#
..............# #.#
...###@#...#.## #.#
#..$..g.##.†..###.#
######gg####....#.####
#..# ###....†..# #$.#
##)#....# ...#
#..###.# ###.. ##.#
#.# .# #.# #.# #.# #.#


You could see 3 gnolls.

Vanquished Creatures
  3 dart slugs (D:1)
  A ribbon worm (D:2)
  A ball python (D:2)
  3 bats (D:1)
  An endoplasm (D:1)
  2 goblins
  4 hobgoblins
  2 jackals (D:1)
  2 kobolds (D:1)
  5 quokkas (D:1)
  3 frilled lizards
  2 rats (D:1)
29 creatures vanquished.

Notes
Turn   | Place    | Note
-------+----------+-------------------------------------------
     0 | D:1      | CaptainMV the Demonspawn Wanderer began the quest for the
                  | Orb.
     0 | D:1      | CaptainMV set off with the following items: a +0 shortbow,
                  | 12 poisoned darts, a +0 dagger, a potion of curing, a +0
                  | robe; and the following spell memorised: Apportation; and
                  | the following spells available to memorise: Teleport Other.
     0 | D:1      | Reached XP level 1. HP: 13/13 MP: 2/2
   105 | D:1      | Reached skill level 4 in Ranged Weapons
   105 | D:1      | Discovered your monstrous ancestry.
   105 | D:1      | Gained mutation: You have sharp fingernails. [demonic
                  | ancestry]
   105 | D:1      | Reached XP level 2. HP: 19/19 MP: 3/3
   338 | D:1      | Gained mutation: You sometimes gain a little power by
                  | taking damage. [demonic ancestry]
   338 | D:1      | Reached XP level 3. HP: 19/25 MP: 2/4
   343 | D:1      | Learned a level 3 spell: Teleport Other
   367 | D:1      | You fall into a shaft and drop 1 floor!
   398 | D:2      | HP: 1/25 [ribbon worm (7)]
   555 | D:2      | Slain by a gnoll

Illustrated notes

Levels and vault maps discovered:
D:1:      dpeg_arrival_arbitrary_b, layout_basic, nrook_loot_triangle
D:2:      layout_basic, basic_altar, uniq_natasha, uniq_crazy_yiuf_cottage

Skill      XL: |  1 |
---------------+----+-----
Ranged Weapons | 4 |  4.3
Fighting       | |  0.4
Throwing       | |  1.4
Armour         | |  1.0
Dodging        | |  1.3
Unarmed Combat | |  0.1
Spellcasting   | |  1.0
Translocations | |  1.0
Evocations     | |  1.0

Action                     || total
---------------------------++-------
  Melee: Unarmed           ||    53
   Fire: Shortbow          ||    70
  Throw: Dart              ||    34
   Cast: Apportation       ||     6
         Teleport Other    ||     2
    Use: Scroll            ||     1
         Potion            ||     1
 Armour: Robe              ||    45
  Dodge: Dodged            ||    63
